 Dungeon Crawl Stone Soup version 0.31.0-32-g396128a36d (webtiles) character file.

Game seed: 8486698985696858173

1655 Ijustatesigmund the Trooper (level 9, -5/93 HPs)
             Began as an Oni Conjurer on Mar 14, 2024.
             Was a Follower of Cheibriados.
             Slain by an orc warrior
             ... wielding a +0 glaive
              (9 damage)
             ... on level 7 of the Dungeon.
             The game lasted 00:14:23 (7628 turns).

Ijustatesigmund the Trooper (Oni Conjurer)          Turns: 7628, Time: 00:14:25

Health: -5/93      AC: 12    Str: 16    XL:     9   Next: 0%
Magic:  16/18      EV:  9    Int: 32    God:    Cheibriados [*.....]
Gold:   483        SH:  0    Dex: 10    Spells: 14/21 levels left

rFire   . . .        e - +2 flail (protect)
rCold   . . .        (no shield)
rNeg    . . .        a - +0 robe
rPois   .            (helmet restricted)
rElec   .            r - +1 cloak
rCorr   .            (gloves unavailable)
SInv    .            (boots unavailable)
Will    .....        w - amulet of magic regeneration
Stlth   ++           y - +6 ring of intelligence
HPRegen 0.35/turn    (no ring)
MPRegen 0.56/turn

%: no passive effects
@: under a protective aura, very slow
A: large, unfitting armour, horns 1, tough skin 1, double potion healing,
drunken brawling
a: Renounce Religion, Bend Time


You were on level 7 of the Dungeon.
You worshipped Cheibriados.
Cheibriados was aware of your devotion.
You visited 1 branch of the dungeon, and saw 7 of its levels.

You collected 483 gold pieces.

Inventory:

Hand Weapons
 e - a +2 flail of protection (weapon)
 h - a +0 giant spiked club
 s - the +7 hand axe "Xafril" {flame, Fly rElec Int-3}
   (You found it on level 2 of the Dungeon)

   Int-3:     It affects your intelligence (-3).
   rElec:     It insulates you from electricity.
   Fly:       It grants you flight.
Armour
 a - a +0 robe (worn)
 r - a +1 cloak (worn)
Jewellery
 w - an amulet of magic regeneration (around neck)
 y - a +6 ring of intelligence (left hand)
Wands
 B - a wand of paralysis (9)
Scrolls
 c - 2 scrolls of fear
 d - 2 scrolls of enchant armour
 k - 3 scrolls of poison
 m - a scroll of teleportation
 v - a scroll of revelation
 z - a scroll of brand weapon {unknown}
 C - a scroll of identify
Potions
 b - a potion of magic
 f - 3 potions of heal wounds
 g - 2 potions of brilliance
 i - a potion of lignification
 o - a potion of mutation
 p - 7 potions of curing
 t - 2 potions of attraction
 u - a potion of might
 x - 2 potions of haste
 A - a potion of cancellation {unknown}


   Skills:
 + Level 7.1 Fighting
 - Level 2.5 Maces & Flails
 - Level 1.7 Dodging
 - Level 1.4 Stealth
 + Level 6.5 Spellcasting
 - Level 4.3 Conjurations
 + Level 4.2 Translocations
 + Level 5.2 Invocations


You had 14 spell levels left.
You knew the following spells:

 Your Spells              Type           Power      Damage    Failure   Level
a - Magic Dart            Conj           100%       1d8       1%          1
b - Searing Ray           Conj           76%        2d7       1%          2
c - Iskenderun's Mystic   Conj/Tloc      38%        2d9       8%          4

Your spell library contained the following spells:

 Spells                   Type           Power      Damage    Failure   Level
 Apportation              Tloc           74%        N/A       1%          1
 Lesser Beckoning         Tloc           74%        N/A       1%          2
 Gell's Gravitas          Tloc           37%        N/A       2%          3
 Teleport Other           Tloc           37%        N/A       2%          3
 Jinxbite                 Hex            20%        N/A       7%          2
 Fulminant Prism          Conj/Alch      12%        3d9       17%         4
 Vhi's Electric Charge    Tloc/Air       48%        N/A       19%         4
 Arcjolt                  Conj/Air       12%        1d22      43%         5
 Alistair's Intoxication  Alch           6%         N/A       77%         5
 Plasma Beam              Fire/Air       5%         2x1d15    100%        6


Dungeon Overview and Level Annotations

Branches:
Dungeon (7/15)             Temple (0/1) D:5

Altars:
Ashenzari
Cheibriados
Fedhas
Gozag
Makhleb
Nemelex Xobeh
Qazlal
Ru
Yredelemnul

Shops:
D:1 (

Annotations:
D:3 2 transporters, sono's ghost, amateur GrFi


Innate Abilities, Weirdness & Mutations

You are too large for most types of armour.
You have a pair of small horns on your head.
You have tough skin. (AC +1)
You gain doubled healing and magic from potions.
Whenever you drink a healing potion, you attack all around you.


Message History

The orc warrior unwields a +0 orcbow.
The orc warrior wields a +0 flail.
The orc warrior hits you with a +0 flail!
* * * LOW HITPOINT WARNING * * *
The orc hits your butterfly with a +0 dagger.
Your butterfly dies!
Your butterfly disappears in a burst of colours!
Casting: Searing Ray (safe; 1% risk of failure)
Confirm with . or Enter, or press ? or * to list all spells.
You erupt in a blast of force!
The mystic blast hits the orc!
You kill the orc!
Cheibriados appreciates the change of pace.
The mystic blast hits the orc!
You kill the orc!
Cheibriados appreciates the change of pace.
The mystic blast hits your butterfly.
You kill your butterfly!
Your butterfly disappears in a burst of colours!
The mystic blast hits the orc warrior.
The orc warrior is lightly wounded.
The orc warrior is knocked back by the mystic blast.
You hear a shout! x3
The orc closely misses you.
An orc comes into view. It is wielding a +0 flail.
The orc warrior unwields a +0 flail.
The orc warrior wields a +0 orcbow.
The orc warrior shoots an arrow.
The arrow hits you!
* * * LOW HITPOINT WARNING * * *
You sock the orc!
Your weapon exudes an aura of protection.
You kill the orc!
Cheibriados appreciates the change of pace.
Your butterfly disappears in a burst of colours!
An orc priest comes into view. It is wielding a +0 flail.
The orc warrior shoots an arrow.
The arrow hits you.
* * * LOW HITPOINT WARNING * * *
The orc priest mumbles some strange prayers to Beogh against you.
Beogh smites you!
* * * LOW HITPOINT WARNING * * *
An orc priest comes into view. It is wielding a +0 dagger.
The orc warrior hits you from afar with a +0 glaive!
You die...

*,****,..................b#......
*,,,,,,.,....#...........b.......
,,,,,***.#...##.........b#.b.....
,,,,,*,,,.........##....bbbbb....
,,,,,**,,##...##.###....§bb..b...
,,,,,,,,**##.##..####...§b§.$....
***,,,,,**#..###........§b#b....,
*,,,,,,,*.##.#..........bb##....,
,,,,,,,,,.....).@.....##..b##...,
,,,,,,,,*##...).).......bb......,
,,,,,,,**#.....o......#....b..##*
,,,,,,,,,....o........#......###,
,,,,,,,,,...........###........Y,
,,,,,*,,,.....o###...*#........,,
,,,,***,,.....oo**#>.#..........,
,,,,,,,,,.....o,,,,...,*,,,,,,,,,
***,,,,,,,,,,,,,,,,,,,,*,,,,,**,,


You could see 2 orc warriors, 2 orc priests and an orc wizard.

Vanquished Creatures
  2 ice beasts
  2 sky beasts
  2 ogres
  2 centaurs (D:6)
  2 phantoms
  2 scorpions (D:5)
  A wight (D:7)
  A howler monkey (D:6)
  A bombardier beetle (D:3)
  4 hounds
  5 jellies
  2 iguanas
  10 gnolls
  7 adders
  A ribbon worm (D:2)
  2 dart slugs
  16 orcs
  6 ball pythons
  3 endoplasms
  A giant cockroach (D:3)
  13 goblins
  10 jackals
  4 quokkas
  9 bats
  3 frilled lizards
  7 kobolds
  3 rats
121 creatures vanquished.

Notes
Turn   | Place    | Note
-------+----------+-------------------------------------------
     0 | D:1      | Ijustatesigmund the Oni Conjurer began the quest for the
                  | Orb.
     0 | D:1      | Reached XP level 1. HP: 16/16 MP: 3/3
   131 | D:1      | Reached skill level 1 in Fighting
   131 | D:1      | Reached XP level 2. HP: 27/27 MP: 0/5
   150 | D:1      | Learned a level 2 spell: Searing Ray
   868 | D:1      | Found Woupn's Antique Weapon Shoppe.
   896 | D:1      | Found a faded altar of an unknown god.
   938 | D:1      | Reached XP level 3. HP: 35/35 MP: 4/7
  1476 | D:2      | Identified the +7 hand axe "Xafril" {flame, Fly rElec
                  | Int-3}
  1929 | D:2      | Reached skill level 2 in Fighting
  2078 | D:2      | Reached skill level 1 in Maces & Flails
  2283 | D:3      | Noticed a sky beast
  2303 | D:3      | Reached XP level 4. HP: 17/42 MP: 3/8
  2327 | D:3      | Killed a sky beast
  2328 | D:3      | Reached skill level 3 in Fighting
  2328 | D:3      | Reached XP level 5. HP: 15/53 MP: 1/10
  2532 | D:3      | Found a burning altar of Makhleb.
  2737 | D:3      | Learned a level 4 spell: Iskenderun's Mystic Blast
  2781 | D:3      | Found a stormy altar of Qazlal.
  2845 | D:3      | HP: 1/53 [gnoll/+0 halberd (9)]
  3100 | D:3      | Found a basalt altar of Yredelemnul.
  3173 | D:3      | Found a transporter.
  3177 | D:3      | Noticed sono's ghost (amateur GrFi)
  3178 | D:3      | Found a transporter.
  3252 | D:3      | Reached XP level 6. HP: 61/61 MP: 10/12
  3501 | D:3      | Reached skill level 1 in Translocations
  3678 | D:4      | Found a sacrificial altar of Ru.
  4038 | D:4      | Found a snail-covered altar of Cheibriados.
  4050 | D:4      | Became a worshipper of Cheibriados the Contemplative
  4198 | D:4      | Reached skill level 4 in Fighting
  4439 | D:5      | Entered Level 5 of the Dungeon
  4452 | D:5      | Reached skill level 1 in Invocations
  4527 | D:5      | Reached XP level 7. HP: 71/71 MP: 10/14
  4634 | D:5      | Found a sparkling altar of Nemelex Xobeh.
  4929 | D:5      | Found a staircase to the Ecumenical Temple.
  5010 | D:5      | Reached skill level 5 in Spellcasting
  5179 | D:5      | Reached skill level 5 in Fighting
  5338 | D:5      | Reached * piety under Cheibriados
  5770 | D:6      | Reached XP level 8. HP: 66/81 MP: 8/16
  5786 | D:6      | Reached skill level 6 in Fighting
  6110 | D:6      | HP: 2/83 [something (7)]
  6599 | D:6      | Found a broken altar of Ashenzari.
  6661 | D:6      | Found a blossoming altar of Fedhas.
  6661 | D:6      | Found an opulent altar of Gozag.
  7590 | D:7      | Reached skill level 7 in Fighting
  7590 | D:7      | Reached skill level 5 in Invocations
  7609 | D:7      | Reached XP level 9. HP: 47/93 MP: 14/18
  7628 | D:7      | HP: 4/93 [orc priest/divine providence (12)]
  7628 | D:7      | Slain by an orc warrior

Illustrated notes

Levels and vault maps discovered:
D:1:      eino_arrival_water_cross, layout_rooms, serial_forest,
          infiniplex_forest_end_2, infiniplex_forest_clump_C,
          infiniplex_forest_end_double, infiniplex_forest_side_room,
          infiniplex_forest_clump_diagonal, infiniplex_forest_clump_medium,
          infiniplex_forest_lined_ring, serial_shops, nicolae_shop_trees,
          hellmonk_ecumenical_altar_zigzags
D:2:      layout_basic, kennysheep_cross_bottleneck, chequers_jeans,
          grunt_ministairs_14, minmay_goblin_kobold_house
D:3:      layout_loops_ring, nicolae_qazlal_beasts_of_the_sky,
          general_overflow_altar, lemuel_round_altar, gammafunk_ghost_mausoleum,
          chequers_serial_rivers_micro_b, st_stairs_7
D:4:      layout_cave_pools, nicolae_ru_sacrificial_ziggurat,
          mainiacjoe_overflow_paths, serial_bayou_ford_a
D:5:      layout_basic, lemuel_doored_altar, minmay_temple_entry_offerings,
          minmay_misc_feat_tower, guppyfry_early_lair_pool
D:6:      layout_basic, kennysheep_mini, gammafunk_temple_overflow_pools,
          serial_glass, glass_columns_c, glass_columns_b,
          minmay_fractal_squares_diagonal_5
D:7:      layout_cave_pools, mainiacjoe_overflow_small_starburst,
          enter_bailey_4, minmay_misc_feat_room, serial_park_tiny_pond

Skill      XL: |  1  2  3  4  5  6  7  8 |
---------------+-------------------------+-----
Fighting       | 1 2 3 4 5 7 |  7.1
Spellcasting   | 3 4 5 6 |  6.5
Conjurations   | 4 |  4.3
Maces & Flails | 1 2 |  2.5
Translocations | 2 3 4 |  4.2
Invocations    | 1 3 5 |  5.2
Dodging        | |  1.7
Stealth        | |  1.4

Action                     |  1- 3 |  4- 6 |  7- 9 || total
---------------------------+-------+-------+-------++-------
  Melee: Spear             |    17 |       |       ||    17
         Whip              |    31 |    25 |       ||    56
         Headbutt          |     7 |     4 |    16 ||    27
         Flail             |       |    43 |    60 ||   103
   Cast: Magic Dart        |    60 |    88 |    78 ||   226
         Searing Ray       |     1 |     1 |    10 ||    12
         Iskenderun's Myst |       |     1 |     6 ||     7
    Use: Potion            |       |     6 |       ||     6
         Scroll            |       |     5 |    10 ||    15
 Armour: Robe              |    53 |    68 |   115 ||   236
         Skin              |       |     5 |       ||     5
  Dodge: Dodged            |    34 |    42 |    68 ||   144
